 Dungeon Crawl Stone Soup version 0.26-a0-708-g17f3b190f9 (webtiles) character file.

Game seed: 13429193240222534508

73 LufLufFighter the Magician (level 4, 0/35 HPs)
             Began as a Draconian Transmuter on Oct 27, 2020.
             Slain by a white imp (3 damage)
             ... summoned by Natasha
             ... on level 3 of the Dungeon.
             The game lasted 00:04:04 (2238 turns).

LufLufFighter the Magician (Draconian Transmuter)   Turns: 2238, Time: 00:04:05

Health: 0/35       AC:  5    Str: 13    XL:     4   Next: 8%
Magic:  8/8        EV: 12    Int: 14    God:
Gold:   147        SH:  0    Dex: 11    Spells: 3/9 levels left

rFire    . . .     SeeInvis .     - Unarmed
rCold    + . .     Faith    .   (no shield)
rNeg     . . .     Spirit   .   (armour unavailable)
rPois    .         Reflect  .   (helmet currently unavailable)
rElec    .         Harm     .   (no cloak)
rCorr    .         Rampage  .   (no gloves)
MR       .....                  (boots currently unavailable)
Stlth    +.........             (no amulet)
HPRegen  0.11/turn              a - ring of ice
MPRegen  0.11/turn              (no ring)

@: appendages, slowed, very slow
A: unfitting armour, horns 2, stinger 1, talons 2, fire resistance 1,
cold-blooded, MP-powered wands, AC +5
a: End Transformation


You were on level 3 of the Dungeon.
You had grown temporary horns.
You had grown temporary talons.
You visited 1 branch of the dungeon, and saw 3 of its levels.

You collected 147 gold pieces.

Inventory:

Jewellery
 a - a ring of ice (left hand)
 d - an uncursed ring of resist corrosion {unknown}
Scrolls
 b - a scroll of remove curse {unknown}
 e - 5 scrolls of identify {unknown}
Potions
 c - a potion of curing
 f - a potion of brilliance {unknown}
 g - a potion of haste {unknown}
 h - 2 potions of heal wounds {unknown}


   Skills:
 - Level 1.1 Fighting
 - Level 1.7 Dodging
 - Level 3.0 Unarmed Combat
 * Level 3.3 Spellcasting
 * Level 3.1 Transmutations
 * Level 0.7 Poison Magic


You had 3 spell levels left.
You knew the following spells:

 Your Spells              Type           Power        Failure   Level
a - Beastly Appendage     Tmut           ##....       6%          1
b - Wereblood             Tmut           ##......     9%          2
c - Spider Form           Tmut/Pois      #.........   28%         3

Your spell library contained the following spells:

 Spells                   Type           Power        Failure   Level
 Ice Form                 Ice/Tmut       #.......     73%         4
 Blade Hands              Tmut           ##........   85%         5


Dungeon Overview and Level Annotations

Branches:
Dungeon (3/15)

Altars:

Annotations:
D:3 Natasha


Innate Abilities, Weirdness & Mutations

Your plain brown scales are hard. (AC +5)
You cannot fit into any form of body armour.
You are cold-blooded and may be slowed by cold attacks.
You have a pair of horns on your head.
Your tail ends in a poisonous barb.
You have razor-sharp toenails.
Your flesh is heat resistant. (rF+)
You expend magic power (3 MP) to strengthen your wands.


Message History

You closely miss Natasha. Natasha claws you but does no damage.
The white imp hits you but does no damage.
You hit Natasha.
Natasha is moderately wounded.
Natasha barely misses you.
The white imp disappears for a moment.
The white imp hits you.
* * * LOW HITPOINT WARNING * * *
The white imp freezes you. You resist.
* * * LOW HITPOINT WARNING * * *
Natasha claws you.
* * * LOW HITPOINT WARNING * * *
The white imp misses you. Natasha barely misses you.
Natasha wildly gestures.
Natasha's front paws start to glow.
Natasha claws you but does no damage. Natasha closely misses you.
The white imp lashes its tail.
The white imp hits you.
You die...

.........# #.# ..#####.## .#
#.# #(### #.#.. #.#.# #
#.#(# .#.##############.#.#
..........5@..<##.#.#
..........h######.#.########
............................
...........######.#.########
....#####.#######.#.#
..................#.#
..#####.#########.########
..###.....................
................#.########


You could see Natasha and a white imp (summoned).

Vanquished Creatures
  2 adders (D:2)
  2 dart slugs (D:1)
  A leopard gecko (D:1)
  2 giant cockroaches (D:2)
  7 goblins
  2 hobgoblins (D:2)
  7 jackals (D:2)
  7 kobolds
  7 bats
  9 frilled lizards
  4 rats
50 creatures vanquished.

Notes
Turn   | Place    | Note
-------+----------+-------------------------------------------
     0 | D:1      | LufLufFighter the Draconian Transmuter began the quest for
                  | the Orb.
     0 | D:1      | Reached XP level 1. HP: 16/16 MP: 3/3
   191 | D:1      | Reached XP level 2. HP: 23/23 MP: 3/5
   196 | D:1      | Learned a level 2 spell: Wereblood
   774 | D:2      | Reached XP level 3. HP: 28/28 MP: 5/7
   779 | D:2      | Learned a level 3 spell: Spider Form
  1254 | D:2      | Gained mutation: Your flesh is heat resistant. (rF+)
                  | [potion of mutation]
  1254 | D:2      | Gained mutation: You expend magic power (3 MP) to
                  | strengthen your wands. [potion of mutation]
  1254 | D:2      | Gained mutation: Your tail ends in a poisonous barb.
                  | [potion of mutation]
  1263 | D:2      | Reached XP level 4. HP: 11/35 MP: 6/8
  2226 | D:3      | Noticed Natasha
  2238 | D:3      | Slain by a white imp

Illustrated notes

Levels and vault maps discovered:
D:1:      onia_arrival_mini_spirals, layout_basic, minmay_misc_feat_rows,
          minmay_tree_intersection
D:2:      layout_loops_cross, minmay_tromino_v7
D:3:      layout_basic, old_standard_altar, uniq_natasha

Skill      XL: |  1  2  3 |
---------------+----------+-----
Spellcasting   | 3 |  3.3
Transmutations | 3 |  3.1
Fighting       | |  1.1
Dodging        | |  1.7
Unarmed Combat | |  3.0
Poison Magic   | |  0.7

Action                   |  1- 3 |  4- 6 || total
-------------------------+-------+-------++-------
Melee: Unarmed           |   123 |    30 ||   153
       Kick              |    16 |     3 ||    19
       Tailslap          |    12 |     1 ||    13
       Headbutt          |     9 |     2 ||    11
 Cast: Beastly Appendage |    26 |     4 ||    30
  Use: Potion            |     2 |       ||     2
 Stab: Sleeping          |       |     1 ||     1
Armor: Skin              |    51 |    13 ||    64
Dodge: Dodged            |    94 |    26 ||   120

Table legend: (Time is in decaauts)
 A = Elapsed time spent in this place.
 B = Non-inter-level travel time spent in this place.
 C = Inter-level travel time spent in this place.
 D = Time resting spent in this place.
 E = Time spent auto-exploring this place.
 F = Levels seen in this place.
 G = Mean time per level.
                   A        B        C        D        E       F      G
               +--------+--------+--------+--------+--------+-----+--------+
         Total |   2232 |   2201 |     31 |    481 |   1404 |   3 |  744.0 |
       Dungeon |   2232 |   2201 |     31 |    481 |   1404 |   3 |  744.0 |
               +--------+--------+--------+--------+--------+-----+--------+

Top non-repeatable levels by time:
     D:2: 1335 daAuts
     D:1: 652 daAuts
     D:3: 244 daAuts
